[Event "XVII Juros Svente 2020-A"]
[Site "Klaipeda"]
[Date "2020.07.25"]
[Round "6.10"]
[White "Ullrich, Karol"]
[Black "Pocius, Vaclovas"]
[Result "1/2-1/2"]
[ECO "B06"]
[WhiteElo "1404"]
[BlackElo "1714"]
[Annotator "NA RC"]
[PlyCount "61"]
[EventDate "2020.07.20"]
[EventType "tourn"]
[EventCountry "LTU"]
[SourceTitle "playchess.com"]
[Source "ChessBase"]
[SourceQuality "1"]
[TimeControl "40/5400+30:1800+30"]

1. e4 g6 2. d4 c6 3. Bd3 d5 4. e5 h5 5. Nf3 Nh6 6. c4 Bf5 7. cxd5 Qxd5 8. Nc3 Qd7 9. O-O Bxd3 10. Qxd3 Na6 11. a3 Nc7 12. Re1 Nf5 13. Be3 Bg7 14. b4 O-O 15. a4 Rfd8 16. Red1 Nd5 17. Nxd5 Qxd5 18. Rac1 b6 19. Qc2 Rac8 20. b5 cxb5 21. Qxc8 Rxc8 22. Rxc8+ Bf8 23. axb5 Qb3 24. Ra1 Kg7 25. Rxa7 Nxe3 26. fxe3 Qxe3+ 27. Kf1 g5 28. Raa8 g4 29. Nh4 Qd3+ 30. Ke1 Qe3+ 31. Kf1 1/2-1/2

[Event "XVII Juros Svente 2020-A"]
[Site "Klaipeda"]
[Date "2020.07.25"]
[Round "6.11"]
[White "Bazilius, Augustinas"]
[Black "Scekaciov, Rostislav"]
[Result "1-0"]
[ECO "D79"]
[WhiteElo "1632"]
[BlackElo "1458"]
[Annotator "NA RC"]
[PlyCount "87"]
[EventDate "2020.07.20"]
[EventType "tourn"]
[EventCountry "LTU"]
[SourceTitle "playchess.com"]
[Source "ChessBase"]
[SourceQuality "1"]
[TimeControl "40/5400+30:1800+30"]

1. Nf3 Nf6 2. g3 g6 3. Bg2 Bg7 4. d4 O-O 5. O-O d5 6. c4 c6 7. cxd5 cxd5 8. Ne5 Nbd7 9. Nc3 e6 10. Nxd7 Nxd7 11. b3 Re8 12. Ba3 Bf8 13. Bxf8 Kxf8 14. Qd2 Kg7 15. Rac1 Nb6 16. Nb5 Re7 17. Qa5 a6 18. Nc7 Rxc7 19. Qxb6 Rd7 20. Qxd8 Rxd8 21. Rc7 Rb8 22. Rfc1 Bd7 23. e4 Bc6 24. exd5 exd5 25. Re1 Re8 26. Rce7 Rxe7 27. Rxe7 Re8 28. Rxe8 Bxe8 29. Bxd5 b6 30. Kg2 f5 31. Kf3 Kf6 32. Ke3 Ke7 33. Bg8 h6 34. d5 Kd6 35. Kd4 Bd7 36. f4 Be8 37. h4 a5 38. a3 b5 39. b4 axb4 40. axb4 g5 41. hxg5 hxg5 42. fxg5 Bg6 43. Be6 Bh7 44. Bf7 1-0

[Event "XVII Juros Svente 2020-A"]
[Site "Klaipeda"]
[Date "2020.07.25"]
[Round "6.12"]
[White "Januseviciute, Donata"]
[Black "Piksrys, Rutenis"]
[Result "0-1"]
[ECO "A40"]
[WhiteElo "1520"]
[BlackElo "1532"]
[Annotator "NA RC"]
[PlyCount "80"]
[EventDate "2020.07.20"]
[EventType "tourn"]
[EventCountry "LTU"]
[SourceTitle "playchess.com"]
[Source "ChessBase"]
[SourceQuality "1"]
[TimeControl "40/5400+30:1800+30"]

1. d4 g6 2. c4 Bg7 3. e4 d6 4. Nc3 Nf6 5. Bd3 O-O 6. Nge2 e5 7. d5 c6 8. f3 cxd5 9. cxd5 Nbd7 10. Bg5 h6 11. Bh4 Nc5 12. Bc2 b5 13. b4 Na6 14. a3 Nc7 15. Bd3 Bd7 16. O-O a6 17. Qd2 g5 18. Bf2 Nh5 19. g4 Nf4 20. Ng3 Nh3+ 21. Kg2 Nxf2 22. Qxf2 Re8 23. Rac1 Rc8 24. Rc2 Na8 25. a4 Qb6 26. axb5 axb5 27. Ra1 Rc7 28. Ra5 Qxf2+ 29. Kxf2 Rec8 30. Nge2 Nb6 31. Bxb5 Bxb5 32. Rxb5 Na4 33. Nxa4 Rxc2 34. Rb6 Ra2 35. Ra6 Rcc2 36. Nc5 Rxe2+ 37. Kf1 dxc5 38. Rxa2 Rxa2 39. bxc5 Bf8 40. d6 Bxd6 0-1

[Event "XVII Juros Svente 2020-A"]
[Site "Klaipeda"]
[Date "2020.07.26"]
[Round "7.8"]
[White "Zirnovas, Martynas"]
[Black "Piksrys, Rutenis"]
[Result "1-0"]
[ECO "B08"]
[WhiteElo "1801"]
[BlackElo "1532"]
[Annotator "NA RC"]
[PlyCount "67"]
[EventDate "2020.07.20"]
[EventType "tourn"]
[EventCountry "LTU"]
[SourceTitle "playchess.com"]
[Source "ChessBase"]
[SourceQuality "1"]
[TimeControl "40/5400+30:1800+30"]

1. e4 g6 2. d4 Bg7 3. Nf3 d6 4. Nc3 Nf6 5. h3 O-O 6. Be3 Nbd7 7. Be2 c6 8. a4 a5 {[%emt 0:00:36] B08: Pirc Defence: Classical System.} 9. Nd2 e5 10. dxe5 dxe5 (10... Nxe5 $11 {remains equal.} 11. f4 Ned7) 11. Nc4 Ne8 {[%emt 0:00:54] [#]} 12. Bc5 $146 ({Predecessor:} 12. O-O f5 13. exf5 gxf5 14. Nd6 Nxd6 15. Qxd6 f4 16. Bc4+ Kh8 17. Bc1 f3 18. g4 {1-0 (28) Monti,T-Epelboin,M (2028) ICC INT 2009}) 12... Qg5 13. Bxf8 Nxf8 14. Nb6 Rb8 15. Nxc8 Rxc8 16. O-O Ne6 17. Bc4 Rd8 18. Qg4 Qxg4 19. hxg4 Nd4 20. Rad1 Nd6 21. Bd3 b5 (21... Bf8 $16 22. g3 Be7) 22. axb5 cxb5 {[%emt 0:00:06] [#]} 23. Nxb5 $1 N6xb5 24. Bxb5 Rb8 25. c4 f5 (25... Bf8 $142 26. Rd3 Bb4) 26. exf5 gxf5 27. gxf5 Nxf5 28. Bd7 Nd4 29. c5 Rxb2 30. Ra1 Rb4 31. Rxa5 Ne2+ $18 32. Kh2 Rh4+ 33. Bh3 Rc4 34. Be6+ 1-0

[Event "XVII Juros Svente 2020-A"]
[Site "Klaipeda"]
[Date "2020.07.26"]
[Round "7.9"]
[White "Barsciauskas, Gintautas"]
[Black "Bazilius, Augustinas"]
[Result "1/2-1/2"]
[ECO "A57"]
[WhiteElo "1575"]
[BlackElo "1632"]
[Annotator "NA RC"]
[PlyCount "79"]
[EventDate "2020.07.20"]
[EventType "tourn"]
[EventCountry "LTU"]
[SourceTitle "playchess.com"]
[Source "ChessBase"]
[SourceQuality "1"]
[TimeControl "40/5400+30:1800+30"]

1. d4 Nf6 2. c4 c5 3. d5 b5 4. cxb5 a6 5. Nc3 axb5 6. Nxb5 Ba6 7. Nc3 d6 8. f3 g6 9. g4 Nbd7 10. Bg2 Bg7 11. Kf2 Ne5 12. h4 Nfxg4+ 13. fxg4 Nxg4+ 14. Ke1 Bd4 15. e3 Nxe3 16. Bxe3 Bxe3 17. Nf3 Qc8 18. Qa4+ Kf8 19. Qe4 Bh6 20. Ng5 Rb8 21. Bh3 Qd8 22. Rh2 Bxg5 23. hxg5 Rb4 24. Qf3 Kg7 25. Rd1 Rf8 26. Bg4 f5 27. Qh3 Rh8 28. Qh6+ Kf7 29. Bxf5 gxf5 30. Qe6+ Ke8 31. g6 Qd7 32. Qf7+ Kd8 33. g7 Qe8 34. gxh8=Q Qxh8 35. Qxf5 Rxb2 36. Rc2 Rxc2 37. Qxc2 Qe5+ 38. Kf2 Qf4+ 39. Ke1 Qf5 40. Qxf5 1/2-1/2

[Event "XVII Juros Svente 2020-A"]
[Site "Klaipeda"]
[Date "2020.07.26"]
[Round "7.10"]
[White "Pocius, Vaclovas"]
[Black "Aleidzans, Vadims"]
[Result "1-0"]
[ECO "C11"]
[WhiteElo "1714"]
[BlackElo "1346"]
[Annotator "NA RC"]
[PlyCount "93"]
[EventDate "2020.07.20"]
[EventType "tourn"]
[EventCountry "LTU"]
[SourceTitle "playchess.com"]
[Source "ChessBase"]
[SourceQuality "1"]
[TimeControl "40/5400+30:1800+30"]

1. d4 Nf6 2. Nc3 d5 3. Bg5 e6 4. e4 dxe4 5. Nxe4 Be7 6. Bxf6 Bxf6 7. c3 b6 8. Nf3 Bb7 9. Bd3 Nd7 10. Qe2 a5 11. Bb5 Bxe4 12. Qxe4 O-O 13. Qc6 e5 14. Qxd7 exd4 15. Qxd8 Raxd8 16. Nxd4 Bxd4 17. cxd4 Rxd4 18. b3 Re4+ 19. Kd2 Rd8+ 20. Kc2 Rd5 21. Rhd1 Rc5+ 22. Kb2 g6 23. Bd3 Rf4 24. f3 Rh4 25. h3 a4 26. Rac1 Rg5 27. Bf1 axb3 28. axb3 c5 29. Rc2 Re5 30. Rd6 Rb4 31. Rc4 Rxc4 32. Bxc4 Rg5 33. g4 Re5 34. Rxb6 Re3 35. Rf6 Re7 36. Ka3 Ra7+ 37. Ra6 Re7 38. Ka4 Kg7 39. g5 Rb7 40. Rf6 h6 41. Rxf7+ Rxf7 42. Bxf7 Kxf7 43. gxh6 g5 44. Kb5 Kg6 45. h7 Kxh7 46. Kxc5 Kg6 47. b4 1-0

[Event "XVII Juros Svente 2020-A"]
[Site "Klaipeda"]
[Date "2020.07.26"]
[Round "7.11"]
[White "Viliusis, Neimantas"]
[Black "Tolmacevs, Artjoms"]
[Result "0-1"]
[ECO "A04"]
[WhiteElo "1461"]
[BlackElo "1610"]
[Annotator "NA RC"]
[PlyCount "60"]
[EventDate "2020.07.20"]
[EventType "tourn"]
[EventCountry "LTU"]
[SourceTitle "playchess.com"]
[Source "ChessBase"]
[SourceQuality "1"]
[TimeControl "40/5400+30:1800+30"]

1. Nf3 c5 2. g3 Nc6 3. Bg2 e5 4. d3 Be7 5. O-O d6 6. c4 f5 7. Nc3 Nf6 8. Bd2 O-O 9. a3 Be6 10. Rb1 a5 11. Qc2 h6 12. Na2 e4 13. Ne1 Nd4 14. Qd1 d5 15. e3 dxc4 16. exd4 cxd3 17. d5 Nxd5 18. Nc3 c4 19. b3 Nxc3 20. Bxc3 cxb3 21. f3 Rc8 22. Bb2 d2 23. fxe4 dxe1=Q 24. Rxe1 fxe4 25. Bxe4 Bc5+ 26. Kh1 Qxd1 27. Rbxd1 Bg4 28. Rc1 b6 29. Bd5+ Kh8 30. Bxb3 Bf3# 0-1

[Event "XVII Juros Svente 2020-A"]
[Site "Klaipeda"]
[Date "2020.07.26"]
[Round "7.12"]
[White "Januseviciute, Donata"]
[Black "Ullrich, Karol"]
[Result "1/2-1/2"]
[ECO "D11"]
[WhiteElo "1520"]
[BlackElo "1404"]
[Annotator "NA RC"]
[PlyCount "84"]
[EventDate "2020.07.20"]
[EventType "tourn"]
[EventCountry "LTU"]
[SourceTitle "playchess.com"]
[Source "ChessBase"]
[SourceQuality "1"]
[TimeControl "40/5400+30:1800+30"]

1. d4 d5 2. c4 c6 3. Nf3 Nf6 4. e3 Bg4 5. h3 Bh5 6. Nc3 e6 7. a3 Be7 8. Be2 O-O 9. O-O dxc4 10. Bxc4 b5 11. Be2 a6 12. b4 Nbd7 13. Bd2 Nb6 14. Ne5 Bxe2 15. Qxe2 Qc7 16. f4 Nbd5 17. Rfc1 Qb7 18. Qf3 Rac8 19. Nxd5 Nxd5 20. Qe4 f5 21. Qf3 Bd6 22. Nd3 Nf6 23. Nc5 Bxc5 24. Rxc5 Ne4 25. Rc2 g6 26. Rac1 h5 27. Be1 Kf7 28. g4 hxg4 29. hxg4 Ke7 30. Rh2 Rh8 31. Qh1 Rxh2 32. Qxh2 Kd6 33. Qh6 Rg8 34. Rc2 Qf7 35. g5 Kd7 36. Rh2 Kd6 37. Qh7 Ke7 38. Kg2 Ke8 39. Kf3 Kf8 40. Qh6+ Qg7 41. Qh3 Ke7 42. Qh7 Kf7 1/2-1/2